 Dungeon Crawl Stone Soup version 0.20.0-10-g0535bb4 (webtiles) character file.

3150 Fenrir042 the Covert (level 9, -9/39 HPs)
             Began as a Spriggan Enchanter on June 5, 2017.
             Was an Initiate of Dithmenos.
             Hit by a javelin thrown by a merfolk javelineer (14 damage)
             ... created by the fury of Okawaru
             ... on level 7 of the Dungeon.
             The game lasted 00:45:54 (7340 turns).

Fenrir042 the Covert (Spriggan Enchanter)           Turns: 7340, Time: 00:45:55

Health: -9/39      AC:  3    Str:  6    XL:     9   Next: 62%
Magic:  12/14      EV: 25    Int: 18    God:    Dithmenos [......]
Gold:   314        SH:  0    Dex: 16    Spells: 7/13 levels left

rFire    x . .     SeeInvis +   a - +1 dagger
rCold    + . .     Gourm    .   (shield restricted)
rNeg     + . .     Faith    .   b - +0 robe
rPois    .         Spirit   .   (helmet restricted)
rElec    .         Reflect  .   p - +0 cloak {+Inv}
rCorr    .         Harm     .   (gloves unavailable)
MR       +....                  (boots unavailable)
Stlth    ++++++....             (no amulet)
Regen    0.2/turn               g - ring of positive energy
MPRegen  0.2/turn               q - ring of ice

@: drained, very quick
A: unfitting armour, see invisible, herbivore 3, speed 3, slow metabolism 2
a: Renounce Religion, Evoke Invisibility


You were on level 7 of the Dungeon.
You worshipped Dithmenos.
Dithmenos was noncommittal.
You were not hungry.

You visited 2 branches of the dungeon, and saw 8 of its levels.
You also visited: Sewer.

You collected 314 gold pieces.

Inventory:

Hand Weapons
 a - a +1 dagger (weapon)
 k - a +0 short sword
 B - a +0 dagger
 H - the +0 dagger of Seklazur {pierce, +Fly rPois MP-9}
   (You found it on level 7 of the Dungeon)

   It inflicts extra damage upon your enemies.
   It protects you from poison.
   It affects your magic capacity (-9).
   It lets you fly.
Armour
 b - a +0 robe (worn)
 p - a +0 cloak of invisibility (worn)
Jewellery
 g - a ring of positive energy (left hand)
 q - a ring of ice (right hand)
Wands
 n - a wand of digging (4/24)
 o - a wand of digging (0/24)
 y - a wand of disintegration (10/24)
Scrolls
 e - 5 scrolls of identify
 i - a scroll of blinking {unknown}
 j - a scroll of recharging {unknown}
 r - a scroll of enchant weapon {unknown}
 t - a scroll of enchant armour {unknown}
 A - 2 scrolls of teleportation {unknown}
 E - a scroll of immolation {unknown}
 F - a scroll of vulnerability {unknown}
 I - a scroll of fog {unknown}
 J - a scroll of remove curse
Potions
 h - a potion of might {unknown}
 m - 2 potions of experience {unknown}
 s - 3 potions of curing
 u - 2 potions of lignification {unknown}
 v - a potion of agility {unknown}
 w - a potion of resistance {unknown}
 x - 2 potions of invisibility {unknown}
 z - a potion of ambrosia {unknown}
 C - a potion of heal wounds {unknown}
 D - a potion of mutation {unknown}
Books
 c - a book of Maledictions

   Spells                             Type                      Level
   a - Corona                         Hexes                        1
   b - Ensorcelled Hibernation        Hexes/Ice                    2
   c - Confuse                        Hexes                        3
   d - Tukima's Dance                 Hexes                        3
   e - Dazzling Spray                 Conjuration/Hexes            3
 l - a book of Misfortune

   Spells                             Type                      Level
   a - Confusing Touch                Hexes                        1
   b - Confuse                        Hexes                        3
   c - Gell's Gravitas                Translocation                3
   d - Petrify                        Transmutation/Earth          4
   e - Metabolic Englaciation         Hexes/Ice                    5
   f - Yara's Violent Unravelling     Hexes/Transmutation          5
Comestibles
 d - 4 bread rations
 f - 2 royal jellies
 G - 3 fruits


   Skills:
 * Level 7.9 Short Blades
 * Level 9.5(9.4) Dodging
 + Level 14.6(14.5) Stealth
 - Level 2.6 Spellcasting
 - Level 3.6(3.5) Hexes
 + Level 0.3 Evocations


You had 7 spell levels left.
You knew the following spells:

 Your Spells              Type           Power        Failure   Level  Hunger
a - Corona                Hex            ###....      3%          1    #......
b - Ensorcelled Hibernat  Hex/Ice        ##....       12%         2    ##.....
c - Confuse               Hex            ###.....     12%         3    ###....


Dungeon Overview and Level Annotations

Branches:
Dungeon (7/15)             Temple (1/1) D:6

Altars:
Ashenzari
Cheibriados
Dithmenos
Fedhas
Gozag
Hepliaklqana
Makhleb
Nemelex Xobeh
Okawaru
Qazlal
Ru
Sif Muna
Trog
Uskayaw
Vehumet
Xom
Yredelemnul
Zin
The Shining One


Innate Abilities, Weirdness & Mutations

You are very small and have problems with some larger weapons.
You are too small for most types of armour.
You have supernaturally acute eyesight. (SInv)
You are a herbivore.
You cover ground extremely quickly.
You need consume almost no food.


Message History

You start resting.
Okawaru sends forces against you! 3 merfolk, a merfolk javelineer and a cyclops come into view.
The merfolk shouts!
The merfolk javelineer throws a javelin.
The javelin hits you!
* * * LOW HITPOINT WARNING * * *
The javelin disappears in a puff of smoke!
The cyclops throws a large rock.
The large rock closely misses you.
The large rock disappears in a puff of smoke!
There is an open door here.
You see here a warped ring mail.
The cyclops throws a large rock.
The large rock completely misses you.
The large rock disappears in a puff of smoke!
There is an escape hatch in the floor here.
The cyclops throws a large rock.
The large rock completely misses you.
The large rock disappears in a puff of smoke!
The merfolk javelineer throws a javelin.
The javelin hits you!
You die...

####### #.....# #.....# #.....#
#...[.# #.....# #.....###########
#........@......# ##
#...............# #.
#...............# #.
########.C...#[........#########.
.....m)m.m...'.........'....>....
##..mm########.........##########
#....# #.........##...# #..
#.m..# #.........##.#.###.#
####'###### #.........##.#...#.#


You could see a merfolk javelineer and a cyclops.

Vanquished Creatures
  Pikel (D:6)
  The ghost of ThereIsNoGod the Basher, a novice GrFi of Xom (D:6)
  Grinder (D:3)
  Sigmund (D:2)
  Purgy (Sewer)
  A sky beast (D:6)
  An orc warrior (D:7)
  An ice beast (D:7)
  A slave (D:6)
  A phantom (D:6)
  3 ogres
  A centaur (D:6)
  A big kobold (D:6)
  2 bullfrogs (D:6)
  3 killer bees (D:7)
  A howler monkey (D:6)
  A centaur zombie (D:6)
  A crimson imp (D:6)
  4 hounds
  A quasit (D:6)
  Crazy Yiuf (D:2)
  2 orc priests (D:7)
  A centaur skeleton (D:6)
  2 orc wizards
  3 gnoll shamans (D:4)
  An iguana (D:4)
  3 worker ants
  Terence (D:2)
  A hound skeleton (D:6)
  20 gnolls
  10 adders
  2 river rats (D:6)
  3 shadow imps
  4 worms
  3 leopard geckos
  18 orcs
  11 giant cockroaches
  2 hobgoblins
  17 jackals
  3 quokkas
  4 ball pythons
  8 bats
  5 frilled lizards
  A giant cockroach zombie (D:5)
  8 goblins
  A jackal zombie (D:6)
  10 kobolds
  A quokka skeleton (D:4)
  12 rats
186 creatures vanquished.

Vanquished Creatures (others)
  A slave (D:6)
  A river rat (D:6)
2 creatures vanquished.

Grand Total: 188 creatures vanquished

Notes
Turn   | Place    | Note
-------+----------+-------------------------------------------
     0 | D:1      | Fenrir042 the Spriggan Enchanter began the quest for the Orb.
     0 | D:1      | Reached XP level 1. HP: 9/9 MP: 5/5
   249 | D:1      | Reached skill level 5 in Stealth
   318 | D:1      | Reached XP level 2. HP: 13/13 MP: 6/6
   360 | D:1      | Learned a level 2 spell: Ensorcelled Hibernation
   980 | D:2      | Reached skill level 6 in Stealth
   980 | D:2      | Reached XP level 3. HP: 6/16 MP: 0/8
  1203 | D:2      | Learned a level 3 spell: Confuse
  1311 | D:2      | Noticed Terence
  1364 | D:2      | Killed Terence
  1364 | D:2      | Reached XP level 4. HP: 21/21 MP: 0/9
  1440 | D:2      | Found a runed door.
  1603 | D:2      | Noticed Sigmund
  1616 | D:2      | Killed Sigmund
  1616 | D:2      | Reached skill level 8 in Stealth
  1616 | D:2      | Reached XP level 5. HP: 19/24 MP: 5/10
  1800 | D:2      | Reached XP level 6. HP: 24/28 MP: 5/11
  1866 | D:2      | Noticed Crazy Yiuf
  1870 | D:2      | Killed Crazy Yiuf
  2063 | D:3      | Found an opulent altar of Gozag.
  2073 | D:3      | Noticed Grinder
  2075 | D:3      | Reached skill level 9 in Stealth
  2264 | D:3      | Killed Grinder
  2264 | D:3      | Reached skill level 10 in Stealth
  2348 | D:3      | Found a hide-covered altar of Uskayaw.
  2350 | D:3      | Found a basalt altar of Yredelemnul.
  2351 | D:3      | Reached XP level 7. HP: 18/32 MP: 6/12
  2354 | D:3      | Found a shimmering altar of Xom.
  2743 | D:3      | Found a deep blue altar of Sif Muna.
  2746 | D:3      | Found an iron altar of Okawaru.
  2765 | D:3      | Became a worshipper of Warmaster Okawaru
  3127 | D:4      | Reached skill level 5 in Short Blades
  3679 | D:4      | Reached skill level 11 in Stealth
  3921 | D:4      | Reached skill level 5 in Dodging
  4099 | D:4      | Reached * piety under Okawaru
  4099 | D:4      | Reached XP level 8. HP: 33/36 MP: 3/13
  4357 | D:4      | You fall through a shaft for 2 floors!
  4373 | D:6      | Found a staircase to the Ecumenical Temple.
  4382 | D:5      | Entered Level 5 of the Dungeon
  4653 | D:6      | Reached skill level 12 in Stealth
  4840 | D:6      | Noticed Pikel
  4943 | D:6      | Killed Pikel
  4943 | D:6      | Reached ** piety under Okawaru
  4943 | D:6      | Reached skill level 13 in Stealth
  4983 | D:6      | Reached XP level 9. HP: 29/39 MP: 5/14
  5020 | D:6      | Noticed ThereIsNoGod's ghost (novice GrFi)
  5269 | D:6      | Killed ThereIsNoGod's ghost
  5269 | D:6      | Reached *** piety under Okawaru
  5298 | D:6      | Found a glowing drain.
  5304 | Sewer    | Entered a sewer
  5490 | Sewer    | Noticed Purgy
  5571 | Sewer    | Killed Purgy
  5733 | D:6      | Reached skill level 14 in Stealth
  6079 | Temple   | Entered the Ecumenical Temple
  6275 | Temple   | Fell from the grace of Okawaru
  6275 | Temple   | Became a worshipper of Dithmenos the Shadowed
  6592 | D:7      | Got a smoking dagger
  6617 | D:6      | Identified the cursed +0 dagger of Seklazur {pierce, +Fly rPois MP-9} (You found it on level 7 of the Dungeon)
  6868 | D:7      | Noticed a naga warrior
  6868 | D:7      | Noticed a naga sharpshooter
  7109 | D:7      | Noticed an orc knight
  7109 | D:7      | Noticed an orc knight
  7330 | D:7      | Noticed a cyclops
  7330 | D:7      | Noticed a merfolk javelineer
  7330 | D:7      | Noticed a merfolk
  7330 | D:7      | Noticed a merfolk
  7330 | D:7      | Noticed a merfolk
  7340 | D:7      | Hit by a javelin thrown by a merfolk javelineer

Skill      XL: |  1  2  3  4  5  6  7  8  9 |
---------------+----------------------------+-----
Stealth        | 5 6 8 10 11 13 14 | 14.6
Short Blades   | 2 4 6 7 |  7.9
Dodging        | 5 7 9 |  9.5
Spellcasting   | |  2.6
Hexes          | |  3.6
Evocations     | |  0.3

Action                   |  1- 3 |  4- 6 |  7- 9 || total
-------------------------+-------+-------+-------++-------
Melee: Dagger            |   131 |    79 |   570 ||   780
 Cast: Corona            |    11 |     1 |     1 ||    13
       Ensorcelled Hiber |    25 |    13 |   113 ||   151
       Confuse           |       |     7 |    19 ||    26
Evoke: Wand              |       |       |     4 ||     4
  Use: Scroll            |       |     1 |     3 ||     4
       Potion            |       |       |     1 ||     1
 Stab: Sleeping          |    19 |    12 |    87 ||   118
       Confused          |       |     2 |    10 ||    12
  Eat: Bread ration      |       |     1 |     2 ||     3
Armor: Robe              |    17 |     8 |    33 ||    58
Dodge: Dodged            |   126 |    42 |   461 ||   629
